 Dungeon Crawl Stone Soup version 0.30-a0-1043-g60ff8d5f49 (webtiles) character file.

Game seed: 6242362475816640336

67097 cheesebisquit the Brawler (level 14, -5/158 HPs)
             Began as a Troll Fighter on Apr 9, 2023.
             Was a Priest of Okawaru.
             Slain by an orc warlord
             ... wielding a +0 halberd of pain
              (20 damage)
             ... on level 1 of the Orcish Mines.
             The game lasted 01:44:22 (23660 turns).

cheesebisquit the Brawler (Troll Fighter)          Turns: 23660, Time: 01:44:23

Health: -5/158     AC: 10    Str: 34    XL:     14   Next: 81%
Magic:  14/15      EV: 13    Int:  8    God:    Okawaru [***...]
Gold:   2608       SH: 16    Dex: 19    Spells: 13/13 levels left

rFire   + . .      SeeInvis .      - Unarmed
rCold   + . .      Faith    .    n - +1 kite shield {rC+ rF+}
rNeg    . . .      Spirit   .    G - +1 troll leather armour
rPois   +          Reflect  .    (helmet restricted)
rElec   .          Rampage  .    r - +1 cloak
rCorr   .                        (gloves unavailable)
Will    ++...                    (boots unavailable)
Stlth   +++                      Q - amulet of the acrobat
HPRegen 2.06/turn                E - ring of Learoe {rPois Will+ Str+3 Int+4 Dex+4}
MPRegen 0.14/turn                s - +6 ring of dexterity

@: about to teleport, heroic
A: large, unfitting armour, claws 3, regeneration 1, shaggy fur 1, tough skin 1,
robust 1
a: Renounce Religion, Heroism


You were on level 1 of the Orcish Mines.
You worshipped Okawaru.
Okawaru was most pleased with you.
You visited 4 branches of the dungeon, and saw 21 of its levels.
You also visited: Ice Cave and Volcano.

You collected 2608 gold pieces.

Inventory:

Hand Weapons
 x - a +3 giant spiked club of chaos
Missiles
 l - an atropa-tipped dart (quivered)
 H - 17 stones
 O - 2 boomerangs
 S - 3 curare-tipped darts
Armour
 h - a +1 robe of willpower
 n - a +1 kite shield of resistance (worn)
 r - a +1 cloak (worn)
 G - a +1 troll leather armour (worn)
Jewellery
 s - a +6 ring of dexterity (right claw)
 u - a ring of positive energy
 y - a ring of flight
 E - the ring of Learoe (left claw) {rPois Will+ Str+3 Int+4 Dex+4}
   (You acquired it on level 4 of the Lair of Beasts)

   [ring of poison resistance]

   Str:       It affects your strength (+3).
   Int:       It affects your intelligence (+4).
   Dex:       It affects your dexterity (+4).
   rPois:     It protects you from poison.
   Will:      It increases your willpower.
 F - a ring of ice
 M - a +6 ring of intelligence
 Q - an amulet of the acrobat (around neck)
 T - an amulet of magic regeneration
Wands
 b - a wand of flame (11)
 k - a wand of polymorph (24)
 z - a wand of roots (16)
 B - a wand of digging (14)
Scrolls
 a - 5 scrolls of fog
 e - 3 scrolls of noise
 f - 9 scrolls of teleportation
 p - a scroll of brand weapon
 v - 3 scrolls of immolation
 w - 2 scrolls of poison
 C - 2 scrolls of torment
 D - 4 scrolls of vulnerability
 J - 2 scrolls of magic mapping
 N - a scroll of silence
 R - 3 scrolls of identify
Potions
 d - 2 potions of mutation
 i - 3 potions of flight
 j - 4 potions of haste
 m - 6 potions of lignification
 o - 2 potions of cancellation
 q - 5 potions of magic
 A - 5 potions of attraction
 K - 3 potions of brilliance
 L - 4 potions of curing
 P - 9 potions of ambrosia
 V - a potion of resistance


   Skills:
 + Level 10.5(15.5) Fighting
 + Level 10.9(15.9) Throwing
 - Level 2.4(7.4) Dodging
 + Level 11.3(16.3) Shields
 * Level 16.7(21.7) Unarmed Combat
 + Level 3.3 Invocations


You had 13 spell levels left.
You didn't know any spells.
Your spell library contained the following spells:

 Spells                   Type           Power      Damage    Failure   Level
 Necrotise                Necr           0%         1d4       56%         1
 Blink                    Tloc           0%         N/A       71%         2
 Momentum Strike          Conj/Tloc      0%         3d8       71%         2
 Gell's Gravitas          Tloc           0%         N/A       91%         3
 Hailstorm                Conj/Ice       0%         3d3       91%         3
 Ignite Poison            Fire/Tmut/Pois 0%         N/A       91%         3
 Vampiric Draining        Necr           0%         2d6       91%         3
 Agony                    Necr           0%         N/A       100%        5
 Iskenderun's Battlesphe  Conj           0%         2d6       100%        5
 Eringya's Noxious Bog    Tmut/Pois      0%         N/A       100%        6
 Ozocubu's Refrigeration  Ice            0%         4d7       100%        7
 Disjunction              Tloc           0%         N/A       100%        8
 Chain Lightning          Conj/Air       0%         N/A       100%        9
 Fire Storm               Conj/Fire      0%         5d1       100%        9
 Polar Vortex             Ice            0%         N/A       100%        9
 Shatter                  Erth           0%         3d5*      100%        9
 Summon Forest            Summ/Tloc      Unusable   N/A       N/A         5
 Simulacrum               Ice/Necr       Unusable   N/A       N/A         6
 Summon Hydra             Summ           Unusable   N/A       N/A         7

Dungeon Overview and Level Annotations

Branches:
Dungeon (13/15)            Temple (1/1) D:5            Lair (5/5) D:10
 Shoals (0/4) Lair:3        Snake (0/4) Lair:3        Slime (0/5) Lair:4
    Orc (2/2) D:9             Elf (0/3) Orc:2         IceCv (visited)
Volcano (visited)
 Vaults: D:13-14

Altars:
Ashenzari
Cheibriados
Dithmenos
Elyvilon
Fedhas
Gozag
Hepliaklqana
Kikubaaqudgha
Makhleb
Nemelex Xobeh
Okawaru
Qazlal
Ru
Sif Muna
Trog
Uskayaw
Vehumet
Wu Jian
Xom
Yredelemnul
Zin
The Shining One
Jiyva

Annotations:
Lair:2 3 runed translucent doors, Nabski's ghost, journeyman TeFE
Lair:4 3 runed translucent doors, mdonais's ghost, journeyman OpRe


Innate Abilities, Weirdness & Mutations

You are too large for most types of armour.
You have claws for hands.
Your natural rate of healing is unusually fast.
You are covered in fur. (AC +1)
You have tough skin. (AC +1)
You are robust. (+10% HP)


Message History

The orc knight hits you with a +1 battleaxe!!
The orc warlord barely misses you.
The orc warrior hits you with a +0 hand axe.
The orc priest mumbles some strange prayers to Beogh against you.
Beogh smites you!
The orc priest casts a cantrip, but nothing happens.
The orc wizard casts a spell.
The orc wizard flickers and vanishes!
Deactivating autopickup; reactivate with Ctrl-A.
You climb upwards.
Reactivating autopickup.
There is a stone staircase leading down, spattered with blood here.
You scratch the orc.
The orc is heavily wounded.
You eviscerate the orc!!!
You kill the orc!
Okawaru accepts your kill. The orc knight misses you.
The orc warlord hits you with a +0 halberd of pain!!
You writhe in agony.
You block the orc warrior's attack.
Okay, then.
You mangle the orc warlord!!
The orc warlord is lightly wounded.
You scratch the orc warlord.
The orc warlord is lightly wounded.
The orc knight closely misses you.
The orc warlord hits you with a +0 halberd of pain!!
* * * LOW HITPOINT WARNING * * *
You writhe in agony.
* * * LOW HITPOINT WARNING * * *
You block the orc warrior's attack.
Okay, then.
Okay, then.
Okay, then.
As you read the scroll of teleportation, it crumbles to dust.
You feel strangely unstable.
The orc knight hits you with a +1 battleaxe!!
* * * LOW HITPOINT WARNING * * *
The orc warlord hits you with a +0 halberd of pain!!
You die...

.#
##.......##......##
.#
###............##
## #...........## #
##.........##
###.....###
###......#
#.......####
####...##o)...###
##.....###@o.....##
#......####o......#
###......###..#.###
##..........###
####..^..#.#
#......###
#.......# ##.....##
##...##


You could see an orc warlord (strong), an orc knight (strong) and an orc warrior
(strong).

Vanquished Creatures
  An orc warlord (D:9)
  The ghost of Likado the Nimble, a journeyman DESu of Sif Muna (D:12)
  An ettin (D:9)
  A catoblepas (Lair:5)
  3 hydras (Lair:4)
  A boulder beetle (D:11)
  3 centaur warriors
  A two-headed ogre (Orc:2)
  A dancing weapon (D:9)
  3 death yaks
  A tengu warrior (D:13)
  2 orc high priests
  The ghost of gelatine the Magician, a novice DsTm (D:9)
  The ghost of porpoise the Skirmisher, a journeyman TeHs of Hepliaklqana (D:10)
  Sonja (Orc:2)
  2 skysharks
  2 goliath frogs (Lair:5)
  A fire crab (Volcano)
  A deep troll (Lair:2)
  2 bog bodies (IceCv)
  A lindwurm (Volcano)
  3 orc knights
  A deep elf pyromancer (D:12)
  An ugly thing (D:12)
  4 orc sorcerers
  2 cyclopes
  An ice statue (IceCv)
  2 manticores
  A black mamba (Lair:3)
  15 cane toads
  A gargoyle (D:11)
  11 komodo dragons
  2 kobold demonologists (D:13)
  An anaconda simulacrum (IceCv)
  A queen bee (Lair:3)
  A hornet (D:8)
  7 trolls
  2 polar bears
  A tyrant leech (Lair:4)
  18 blink frogs
  18 dream sheep
  3 wyverns
  8 slime creatures
  5 shadows
  2 wraiths
  2 dire elephant simulacra (IceCv)
  A human (D:9)
  2 fire bats (Volcano)
  35 yaks
  Grum (D:10)
  2 neqoxecs (D:10)
  13 vampire mosquitoes
  4 steam dragons
  Menkaure (D:7)
  A death yak simulacrum (IceCv)
  3 wargs
  A harpy simulacrum (IceCv)
  2 hell hounds (Volcano)
  A naga (Lair:3)
  A hydra simulacrum (IceCv)
  17 water moccasins
  2 ice beasts (D:8)
  31 orc warriors
  4 black bears
  15 wolves
  4 ogres
  The ghost of oldplebian the Poker, an amateur MfGl (D:3)
  17 centaurs
  Blork the orc (D:5)
  A kobold brigand (D:8)
  23 bullfrogs
  A gnoll sergeant (D:7)
  3 cane toad simulacra (IceCv)
  4 two-headed ogre simulacra (IceCv)
  4 scorpions
  5 wights (D:7)
  31 killer bees
  4 elephant simulacra (IceCv)
  An electric eel (Lair:5)
  2 howler monkeys
  3 quasits (D:10)
  2 jellies (Lair:4)
  5 hounds
  13 orc priests
  Crazy Yiuf (D:3)
  4 iguanas
  Ijyb (D:3)
  17 orc wizards
  A sleepcap (D:4)
  Natasha (thrice) (D:2)
  3 troll simulacra (IceCv)
  A polar bear simulacrum (IceCv)
  8 spriggan simulacra (IceCv)
  3 wolf simulacra (IceCv)
  Robin (D:3)
  6 gnolls
  8 adders
  5 naga simulacra (IceCv)
  18 white imps
  5 ufetubi (IceCv)
  3 worms
  4 dart slugs
  74 orcs
  2 bats
  7 endoplasms
  3 giant cockroaches
  12 goblins
  8 hobgoblins
  6 quokkas
  6 ball pythons
  2 frilled lizards
  13 kobolds
  5 rats
636 creatures vanquished.

Vanquished Creatures (others)
  61 fungi
  122 plants
183 creatures vanquished.

Grand Total: 819 creatures vanquished

Notes
Turn   | Place    | Note
-------+----------+-------------------------------------------
     0 | D:1      | cheesebisquit the Troll Fighter began the quest for the
                  | Orb.
     0 | D:1      | Reached XP level 1. HP: 22/22 MP: 0/0
   221 | D:1      | Reached XP level 2. HP: 29/29 MP: 1/1
   555 | D:2      | Identified the +0 pair of gloves of Alis {*Corrode Fly
                  | rElec rPois}
   603 | D:2      | Reached XP level 3. HP: 33/36 MP: 2/2
   777 | D:2      | Reached skill level 3 in Unarmed Combat
   980 | D:2      | Reached skill level 1 in Throwing
   989 | D:2      | Noticed Natasha
   991 | D:2      | Killed Natasha
   992 | D:2      | Reached XP level 4. HP: 44/44 MP: 3/3
   999 | D:2      | Noticed Natasha
  1006 | D:2      | Killed Natasha
  1107 | D:2      | Noticed Natasha
  1115 | D:2      | Killed Natasha
  1469 | D:2      | Reached XP level 5. HP: 53/53 MP: 4/4
  1521 | D:3      | Noticed Ijyb
  1532 | D:3      | Killed Ijyb
  1641 | D:3      | Found a runed translucent door.
  1642 | D:3      | Noticed Crazy Yiuf
  1671 | D:3      | Noticed Robin
  1699 | D:3      | Reached skill level 4 in Unarmed Combat
  1702 | D:3      | Killed Robin
  1745 | D:3      | Found a large runed translucent door.
  1745 | D:3      | Found a large runed translucent door.
  1747 | D:3      | Noticed oldplebian's ghost (amateur MfGl)
  2024 | D:3      | Found a snail-covered altar of Cheibriados.
  2089 | D:3      | Reached XP level 6. HP: 61/61 MP: 5/5
  3249 | D:5      | Entered Level 5 of the Dungeon
  3331 | D:5      | Reached skill level 5 in Unarmed Combat
  3419 | D:5      | Reached XP level 7. HP: 54/68 MP: 6/6
  3608 | D:5      | Found a staircase to the Ecumenical Temple.
  3621 | Temple   | Entered the Ecumenical Temple
  3870 | Temple   | Became a worshipper of Warmaster Okawaru
  4117 | D:5      | Noticed Blork the orc
  4136 | D:5      | Killed Blork the orc
  4137 | D:5      | Reached skill level 6 in Unarmed Combat
  4674 | D:6      | Reached XP level 8. HP: 68/78 MP: 7/7
  5018 | D:6      | Reached * piety under Okawaru
  5643 | D:7      | Reached skill level 5 in Shields
  5649 | D:7      | Reached skill level 7 in Unarmed Combat
  5650 | D:7      | Identified the +3 dagger of the Dripping Madman {speed,
                  | Dex+4}
  6020 | D:7      | Reached skill level 5 in Fighting
  6060 | D:7      | Reached XP level 9. HP: 88/88 MP: 8/8
  6107 | D:7      | Noticed Menkaure
  6112 | D:7      | Killed Menkaure
  6113 | D:7      | Reached skill level 8 in Unarmed Combat
  6214 | D:7      | Reached ** piety under Okawaru
  6620 | D:8      | Reached skill level 5 in Throwing
  7844 | D:8      | Reached skill level 9 in Unarmed Combat
  7888 | D:8      | Reached *** piety under Okawaru
  7953 | D:8      | Reached XP level 10. HP: 41/98 MP: 9/9
  8028 | D:9      | Found a staircase to the Orcish Mines.
  8073 | D:9      | Got Xezef's Elucidation of Noxious Orientation
  8194 | D:9      | Reached **** piety under Okawaru
  8210 | D:8      | Reached skill level 10 in Unarmed Combat
  8290 | D:9      | Received a gift from Okawaru
  8549 | D:9      | Found a runed translucent door.
  8550 | D:9      | Found a shimmering altar of Xom.
  8550 | D:9      | Noticed a +2 broad axe of chaos
  8550 | D:9      | Noticed gelatine's ghost (novice DsTm)
  8718 | D:3      | Killed oldplebian's ghost
  8736 | D:3      | Identified the +8 spear of the Filigreed God {spect, rC+}
  8786 | D:3      | Killed Crazy Yiuf
  9292 | D:10     | Entered Level 10 of the Dungeon
  9292 | D:10     | Noticed Grum
  9418 | D:10     | Killed Grum
  9508 | D:10     | Found a staircase to the Lair.
  9535 | D:10     | Reached skill level 11 in Unarmed Combat
  9542 | D:10     | Reached XP level 11. HP: 98/107 MP: 10/10
  9548 | D:10     | Reached ***** piety under Okawaru
  9581 | D:10     | Noticed a centaur warrior
  9603 | D:10     | Killed a centaur warrior
  9603 | D:10     | Received a gift from Okawaru
  9846 | D:10     | Found a transporter.
  9859 | D:10     | Noticed porpoise's ghost (journeyman TeHs)
  9878 | D:10     | Found a transporter.
 10460 | D:11     | Noticed a boulder beetle
 10476 | D:11     | Killed a boulder beetle
 10476 | D:11     | Received a gift from Okawaru
 10487 | D:11     | Received a gift from Okawaru
 10605 | D:11     | Received a gift from Okawaru
 10670 | D:11     | Reached skill level 12 in Unarmed Combat
 11430 | D:12     | Noticed a brown ugly thing
 11442 | D:12     | Killed a brown ugly thing
 11595 | D:12     | Noticed a deep elf pyromancer
 11597 | D:12     | Killed a deep elf pyromancer
 11640 | D:12     | Reached XP level 12. HP: 108/119 MP: 9/11
 11706 | D:12     | Received a gift from Okawaru
 12124 | D:12     | Found a runed translucent door.
 12125 | D:12     | Noticed Likado's ghost (journeyman DESu)
 12441 | D:13     | Noticed a tengu warrior
 12454 | D:13     | Killed a tengu warrior
 12580 | D:13     | Received a gift from Okawaru
 12589 | D:13     | Reached skill level 13 in Unarmed Combat
 12677 | D:13     | Noticed a centaur warrior
 12685 | D:13     | Killed a centaur warrior
 12696 | D:13     | Noticed a centaur warrior
 12706 | D:13     | Killed a centaur warrior
 13022 | Lair:1   | Entered Level 1 of the Lair of Beasts
 13380 | Lair:1   | Received a gift from Okawaru
 13392 | Lair:1   | You are sucked into a shaft and drop 1 floor!
 13437 | Lair:2   | Found a runed translucent gate.
 13483 | Lair:2   | Found a runed translucent gate.
 13484 | Lair:2   | Found a runed translucent gate.
 14161 | Lair:2   | Found a frozen archway.
 14176 | IceCv    | Entered an ice cave
 14771 | IceCv    | Reached skill level 14 in Unarmed Combat
 15068 | IceCv    | Received a gift from Okawaru
 15319 | Lair:2   | Noticed an ice dragon
 15568 | Lair:2   | Reached XP level 13. HP: 130/130 MP: 10/12
 15657 | Lair:2   | Got the Collected Works on Attacks
 16135 | Lair:2   | Noticed Nabski's ghost (journeyman TeFE)
 16204 | Lair:3   | Found a staircase to the Snake Pit.
 16450 | Lair:3   | Found a shadowy altar of Dithmenos.
 16887 | Lair:3   | Found a staircase to the Shoals.
 17275 | Lair:4   | Found a dark tunnel.
 17284 | Volcano  | Entered a volcano
 17341 | Volcano  | Reached skill level 10 in Shields
 17428 | Volcano  | Identified the +2 helmet of Julaf {Rampage +Inv rC- Str+2}
 17725 | Lair:4   | Identified a scroll of acquirement
 17726 | Lair:4   | Acquired the ring of Learoe {rPois Will+ Str+3 Int+4 Dex+4}
 17898 | Lair:4   | Found a viscous altar of Jiyva.
 17898 | Lair:4   | Found a staircase to the Slime Pits.
 18022 | Lair:4   | Found a runed translucent gate.
 18022 | Lair:4   | Found a runed translucent gate.
 18022 | Lair:4   | Found a runed translucent gate.
 18027 | Lair:4   | Noticed mdonais's ghost (journeyman OpRe)
 19000 | Lair:4   | Found a viscous altar of Jiyva.
 19000 | Lair:4   | Found a staircase to the Slime Pits.
 19316 | Lair:5   | Entered Level 5 of the Lair of Beasts
 19395 | Lair:5   | Reached skill level 15 in Unarmed Combat
 19416 | Lair:4   | HP: 6/131 [death yak (16)]
 19810 | Lair:4   | Reached skill level 10 in Throwing
 20278 | Lair:4   | Received a gift from Okawaru
 20538 | Lair:4   | Reached XP level 14. HP: 137/141 MP: 13/13
 20748 | Lair:5   | Reached skill level 10 in Fighting
 20868 | Lair:5   | Received a gift from Okawaru
 21061 | Lair:5   | Reached skill level 16 in Unarmed Combat
 21083 | Lair:5   | Reached skill level 1 in Invocations
 21290 | Lair:5   | Identified the staff of fire "Woazab Osor" {rF+ rC++}
 21807 | D:9      | Killed gelatine's ghost
 21913 | D:10     | Killed porpoise's ghost
 21920 | D:10     | Gained mutation: You are robust. (+10% HP) [a neqoxec]
 22051 | D:12     | Killed Likado's ghost
 22369 | Orc:1    | Entered Level 1 of the Orcish Mines
 22369 | Orc:1    | Noticed an orc warlord
 22598 | D:9      | Killed an orc warlord
 22950 | Orc:2    | Entered Level 2 of the Orcish Mines
 22950 | Orc:2    | Noticed Sonja
 22953 | Orc:2    | Killed Sonja
 23101 | Orc:2    | Found a staircase to the Elven Halls.
 23119 | Orc:2    | Received a gift from Okawaru
 23453 | Orc:2    | Noticed an orc warlord
 23660 | Orc:1    | Slain by an orc warlord

Illustrated notes

Levels and vault maps discovered:
D:1:      minmay_arrival_doors, layout_basic
D:2:      layout_basic, serial_forest, infiniplex_forest_clump_C,
          infiniplex_forest_corner_1, infiniplex_forest_straight_5,
          infiniplex_forest_straight_4, hangedman_decor_diamond_cutter,
          uniq_natasha
D:3:      layout_basic, lemuel_coloured_pillars_altar,
          ebering_ghost_disaster_area, uniq_ijyb, uniq_crazy_yiuf_cottage,
          uniq_robin
D:4:      layout_cave_pods, hangedman_abyss_or_decor_stagger
D:5:      layout_loops_ring, temple_statues, uniq_blork_the_orc
D:6:      layout_basic
D:7:      layout_loops_ring, uniq_menkaure
D:8:      hellmonk_ruined_rings, layout_loops_corners, minivault_26,
          chequers_serial_rivers_micro_a, kennysheep_generic_room_10
D:9:      layout_basic, erik_orc_4, ebering_ghost_xom
D:10:     layout_basic, due_lair_maze_entry_diamond, gammafunk_ghost_stat_death,
          uniq_grum
D:11:     layout_roguey
D:12:     layout_loops_ring, ebering_ghost_reflecting_pool, serial_rivers,
          chequers_serial_rivers_large_a, chequers_serial_rivers_marsh,
          chequers_serial_rivers_micro_d, chequers_serial_rivers_micro_a,
          chequers_serial_rivers_micro_a, chequers_serial_rivers_small_a
D:13:     layout_irregular_city
Temple:   mainiacjoe_temple_archimedes_tessellation
Lair:1:   layout_cave_pods
Lair:2:   dreamdust_cave_troll, layout_cave_pods, portal_ice_cave_entry_imps,
          gammafunk_ghost_icy
Lair:3:   layout_roguey, elwin_shoals_entry_rocks, guppyfry_snake_entry_island,
          special_room [special_room_bee], basic_altar, grunt_megastairs_1
Lair:4:   layout_regular_city, minmay_slime_entry_pillars,
          gammafunk_ghost_necromancy, enter_volcano_2, grunt_megastairs_3,
          serial_bayou_shore_a
Lair:5:   minmay_lair_end_frog_pond, layout_long_grid, gauntlet_entry_generic
Orc:1:    layout_diamond_mine
Orc:2:    st_orc_congregation, layout_caves, uniq_sonja

Skill      XL: |  1  2  3  4  5  6  7  8  9 10 11 12 13 14 |
---------------+-------------------------------------------+-----
Shields        | 3 4 5 6 7 8 9 10 11 | 11.3
Unarmed Combat | 3 4 5 6 7 9 11 12 14 15 16 | 16.7
Throwing       | 1 2 3 4 5 6 8 9 10 | 10.9
Fighting       | 3 4 5 6 7 8 9 10 | 10.5
Invocations    | 3 |  3.3
Dodging        | |  2.4

Action                     |  1- 3 |  4- 6 |  7- 9 | 10-12 | 13-15 || total
---------------------------+-------+-------+-------+-------+-------++-------
  Melee: Unarmed           |    74 |   140 |   274 |   632 |   675 ||  1795
  Throw: Stone             |     8 |    13 |    17 |    35 |    19 ||    92
         Dart              |       |    13 |    15 |    57 |   100 ||   185
         Throwing net      |       |     2 |       |     1 |       ||     3
         Boomerang         |       |       |       |    64 |     1 ||    65
         Large rock        |       |       |       |    25 |    20 ||    45
         Javelin           |       |       |       |     2 |    22 ||    24
 Invoke: Heroism           |       |       |     2 |    19 |    37 ||    58
         Finesse           |       |       |       |     9 |     5 ||    14
  Evoke: Wand              |       |       |       |     5 |     9 ||    14
    Use: Potion            |       |     2 |     7 |     3 |    10 ||    22
         Scroll            |       |       |    19 |    13 |    13 ||    45
   Stab: Sleeping          |     1 |     1 |     1 |       |       ||     3
         Distracted        |       |       |     1 |       |       ||     1
         Petrifying        |       |       |       |       |     1 ||     1
         Petrified         |       |       |       |       |     1 ||     1
 Armour: Robe              |    23 |    16 |    12 |       |       ||    51
         Animal skin       |       |    12 |    10 |       |       ||    22
         Steam dragon scal |       |       |    43 |    36 |       ||    79
         Troll leather arm |       |       |       |    89 |   138 ||   227
  Dodge: Dodged            |    10 |    33 |    92 |   180 |   275 ||   590
  Block: Kite shield       |    17 |    54 |   157 |   350 |   496 ||  1074

Table legend: (Time is in decaauts)
 A = Elapsed time spent in this place.
 B = Non-inter-level travel time spent in this place.
 C = Inter-level travel time spent in this place.
 D = Time resting spent in this place.
 E = Time spent auto-exploring this place.
 F = Levels seen in this place.
 G = Mean time per level.
                   A        B        C        D        E       F      G
               +--------+--------+--------+--------+--------+-----+--------+
         Total |  23407 |  20467 |   2940 |   1247 |  14955 |  23 | 1017.7 |
       Dungeon |  13652 |  11483 |   2169 |    552 |   8542 |  13 | 1050.2 |
        Temple |    291 |    217 |     74 |      0 |    195 |   1 |  291.0 |
          Lair |   7254 |   6598 |    656 |    393 |   4947 |   5 | 1450.8 |
  Orcish Mines |    931 |    890 |     41 |    142 |    484 |   2 |  465.5 |
      Ice Cave |    975 |    975 |      0 |    160 |    548 |   1 |  975.0 |
       Volcano |    301 |    301 |      0 |      0 |    239 |   1 |  301.0 |
               +--------+--------+--------+--------+--------+-----+--------+

Top non-repeatable levels by time:
  Lair:4: 2909 daAuts
     D:8: 1721 daAuts
    D:12: 1628 daAuts
  Lair:2: 1417 daAuts
     D:6: 1248 daAuts
  Lair:5: 1201 daAuts
    D:10: 1128 daAuts
     D:3: 1088 daAuts
     D:9: 1085 daAuts
     D:2: 1026 daAuts
     D:7: 994 daAuts
     D:4: 980 daAuts
   IceCv: 975 daAuts
    D:11: 968 daAuts
  Lair:3: 864 daAuts
